 Dungeon Crawl Stone Soup version 0.21-a0-2-ge494091 (webtiles) character file.

135 Lexie the Firebug (level 5, -2/31 HPs)
             Began as an Octopode Fire Elementalist on May 21, 2017.
             Slain by a worker ant (4 damage)
             ... on level 3 of the Dungeon.
             The game lasted 00:04:10 (3313 turns).

Lexie the Firebug (Octopode Fire Elementalist)      Turns: 3313, Time: 00:04:11

Health: -2/31      AC:  1    Str:  7    XL:     5   Next: 18%
Magic:  10/18      EV: 13    Int: 21    God:
Gold:   131        SH:  0    Dex: 12    Spells: 4/10 levels left

rFire    . . .     SeeInvis .   c - +0 dagger
rCold    . . .     Gourm    .   (no shield)
rNeg     . . .     Faith    .   (helmet restricted)
rPois    .         Spirit   .   (no amulet)
rElec    .         Reflect  .   h - ring of magical power
rCorr    .         Harm     .   j - +2 ring of intelligence
MR       .....                  o - ring of wizardry
Stlth    +++.......             (no ring)
Regen    0.1/turn               (no ring)
MPRegen  0.2/turn               (no ring)
                                (no ring)
                                (no ring)

@: lethally poisoned (-2 -> -7)
A: almost no armour, stealthy swim, amphibious, 8 rings, constrict 8, camouflage
1, gelatinous body 1
a: no special abilities


You were on level 3 of the Dungeon.
You were not hungry.

You visited 1 branch of the dungeon, and saw 3 of its levels.

You collected 131 gold pieces.

Inventory:

Hand Weapons
 c - a +0 dagger (weapon)
Jewellery
 g - an uncursed amulet of guardian spirit
 h - a ring of magical power (left tentacle)
 j - a +2 ring of intelligence (right tentacle)
 o - a ring of wizardry (on tentacle)
Wands
 p - a wand of acid (7/15)
Scrolls
 d - 2 scrolls of identify {unknown}
 i - a scroll of magic mapping {unknown}
 k - a scroll of fog {unknown}
 q - a scroll of fear {unknown}
 r - 2 scrolls of recharging {unknown}
Potions
 e - 2 potions of lignification {unknown}
 l - a potion of curing {unknown}
 n - a potion of magic {unknown}
 s - 2 potions of brilliance {unknown}
 t - a potion of invisibility {unknown}
Books
 a - a book of Flames

   Spells                             Type                      Level
   a - Flame Tongue                   Conjuration/Fire             1
   b - Throw Flame                    Conjuration/Fire             2
   c - Conjure Flame                  Conjuration/Fire             3
   d - Inner Flame                    Hexes/Fire                   3
   e - Sticky Flame                   Conjuration/Fire             4
   f - Fireball                       Conjuration/Fire             5
Comestibles
 b - 3 bread rations
 f - 8 chunks of flesh
 m - a meat ration


   Skills:
 - Level 2.0 Dodging
 - Level 2.6 Stealth
 + Level 3.2 Spellcasting
 + Level 2.8 Conjurations
 + Level 4.0 Fire Magic


You had 4 spell levels left.
You knew the following spells:

 Your Spells              Type           Power        Failure   Level  Hunger
a - Flame Tongue          Conj/Fire      ###..        1%          1    None
b - Throw Flame           Conj/Fire      ###...       1%          2    ##.....
c - Conjure Flame         Conj/Fire      ###.....     4%          3    ###....


Dungeon Overview and Level Annotations

Branches:
Dungeon (3/15)

Altars:
Trog


Innate Abilities, Weirdness & Mutations

You cannot wear most types of armour.
You are very stealthy in the water. (Stealth+)
You are amphibious.
You can wear up to eight rings at the same time.
You can use your tentacles to constrict eight enemies at once.
Your skin changes colour to match your surroundings (Stealth+).
Your rubbery body absorbs attacks. (AC +1, EV +1)


Message History

Aiming: Throw Flame
Press: ? - help, Shift-Dir - straight line, f/p - worker ant
Aim: a worker ant (heavily wounded)
The puff of flame misses the worker ant.
You feel sick. The worker ant bites you!
* * * LOW HITPOINT WARNING * * *
The adder completely misses you.
Casting: Throw Flame
Confirm with . or Enter, or press ? or * to list all spells.
Aiming: Throw Flame
Press: ? - help, Shift-Dir - straight line, f/p - worker ant
Aim: a worker ant (heavily wounded)
The puff of flame hits the worker ant.
The worker ant appears unharmed.
The worker ant is heavily wounded.
The adder bites you.
* * * LOW HITPOINT WARNING * * *
The worker ant barely misses you. The adder bites you.
* * * LOW HITPOINT WARNING * * *
The worker ant bites you.
You die...

#######...#
#.........#
#.........
#........
#.......#
#.....g.#
#.......#
#...aS..#
#...@...#
#########
## #. #. #.
##### #.


You could see a worker ant, an adder and a goblin.

Vanquished Creatures
  3 adders (D:2)
  2 worms (D:2)
  3 dart slugs
  6 leopard geckos
  10 orcs (D:3)
  13 goblins
  11 hobgoblins
  10 kobolds
  A quokka (D:2)
  6 bats
  4 frilled lizards
  10 rats
79 creatures vanquished.

Notes
Turn   | Place    | Note
-------+----------+-------------------------------------------
     0 | D:1      | Lexie the Octopode Fire Elementalist began the quest for the Orb.
     0 | D:1      | Reached XP level 1. HP: 11/11 MP: 3/3
   337 | D:1      | Reached XP level 2. HP: 17/17 MP: 3/5
  1181 | D:1      | Reached XP level 3. HP: 18/21 MP: 6/6
  1518 | D:1      | Learned a level 2 spell: Throw Flame
  1522 | D:1      | Learned a level 3 spell: Conjure Flame
  1726 | D:2      | Reached XP level 4. HP: 27/27 MP: 8/8
  2728 | D:3      | Found a bloodstained altar of Trog.
  2899 | D:3      | Reached skill level 4 in Fire Magic
  2909 | D:3      | Reached XP level 5. HP: 31/31 MP: 9/9
  3313 | D:3      | Slain by a worker ant

Vault maps used:
D:1:      scummos_arrival_star
D:3:      first_bread, st_stairs_12, trog_hazing_becter, uniq_robin

Skill      XL: |  1  2  3  4 |
---------------+-------------+-----
Conjurations   | 2 |  2.8
Spellcasting   | 3 |  3.2
Fire Magic     | 4 |  4.0
Dodging        | |  2.0
Stealth        | |  2.6

Action                   |  1- 3 |  4- 6 || total
-------------------------+-------+-------++-------
Melee: Unarmed           |     3 |       ||     3
       Constrict         |     2 |       ||     2
       Dagger            |     3 |       ||     3
       Tentacles         |     1 |       ||     1
 Cast: Flame Tongue      |    53 |    98 ||   151
       Throw Flame       |       |    12 ||    12
       Conjure Flame     |       |     1 ||     1
  Eat: Chunk             |     3 |     5 ||     8
Armor: Skin              |     2 |     4 ||     6
Dodge: Dodged            |     9 |    53 ||    62
